 Dungeon Crawl Stone Soup version 0.29-a0-559-g359e09b9d1 (webtiles) character file.

Game seed: 7434525331586574357

4496 Bruhh the Thaumaturge (level 10, -2/59 HPs)
             Began as a Tengu Air Elementalist on June 10, 2022.
             Was a Follower of Vehumet.
             Slain by a wyvern (16 damage)
             ... on level 9 of the Dungeon.
             The game lasted 00:13:40 (11669 turns).

Bruhh the Thaumaturge (Tengu Air Elementalist)     Turns: 11669, Time: 00:13:41

Health: -2/59      AC:  6    Str: 15    XL:     10   Next: 38%
Magic:  26/34      EV: 15    Int: 19    God:    Vehumet [*.....]
Gold:   587        SH:  0    Dex: 19    Spells: 22/29 levels left

rFire   . . .      SeeInvis +   m - +7 trident "Guamix" {drain, Dex+4}
rCold   . . .      Faith    .   (no shield)
rNeg    . . .      Spirit   .   F - +0 steam dragon scales
rPois   .          Reflect  .   (helmet restricted)
rElec   +          Harm     .   (no cloak)
rCorr   .          Rampage  .   A - +0 pair of gloves
Will    .....                   (boots unavailable)
Stlth   ++........              (no amulet)
HPRegen 0.99/turn               r - ring of Tirexarr {rElec MP+9 Slay+3 SInv}
MPRegen 0.24/turn               s - +6 ring of strength

@: flying quickly and evasively, quick
A: beak, talons 3, nimble flight, horns 1, regeneration 1
a: Renounce Religion


You were on level 9 of the Dungeon.
You worshipped Vehumet.
Vehumet was aware of your devotion.
You visited 2 branches of the dungeon, and saw 10 of its levels.

You collected 587 gold pieces.

Inventory:

Hand Weapons
 m - the +7 trident "Guamix" (weapon) {drain, Dex+4}
   (You found it on level 3 of the Dungeon)

   A truly terrible weapon, it drains the life of any living foe it strikes.
   Dex:       It affects your dexterity (+4).
Armour
 a - a +1 robe
 A - a +0 pair of gloves (worn)
 F - +0 steam dragon scales (worn)
Jewellery
 r - the ring of Tirexarr (left hand) {rElec MP+9 Slay+3 SInv}
   (You found it on level 3 of the Dungeon)

   [ring of magical power]

   Slay:      It affects your accuracy & damage with ranged weapons and melee
   (+3).
   rElec:     It insulates you from electricity.
   MP:        It affects your magic capacity (+9).
   SInv:      It lets you see invisible.
 s - a +6 ring of strength (right hand)
 x - a ring of protection from cold
Wands
 u - a wand of flame (14)
Scrolls
 c - 4 scrolls of blinking {unknown}
 f - a scroll of immolation
 g - 4 scrolls of teleportation {unknown}
 h - 11 scrolls of identify {unknown}
 i - 2 scrolls of amnesia {unknown}
 k - a scroll of enchant weapon {unknown}
 l - 2 scrolls of enchant armour
 y - a scroll of silence {unknown}
 z - a scroll of noise {unknown}
 B - a scroll of fog {unknown}
 C - 5 scrolls of poison {unknown}
 D - a scroll of brand weapon {unknown}
 E - 3 scrolls of summoning {unknown}
 G - a scroll of vulnerability {unknown}
Potions
 b - a potion of heal wounds {unknown}
 d - 6 potions of curing
 e - 4 potions of mutation
 j - a potion of resistance
 n - a potion of flight {unknown}
 o - 3 potions of haste
 p - 2 potions of ambrosia {unknown}
 q - 3 potions of cancellation {unknown}
 t - a potion of magic
 v - 2 potions of might {unknown}
 w - 2 potions of brilliance {unknown}


   Skills:
 - Level 5.4 Fighting
 - Level 2.1 Dodging
 - Level 2.0 Stealth
 - Level 10.3 Spellcasting
 - Level 5.0 Conjurations
 + Level 4.2 Necromancy
 - Level 9.0 Air Magic


You had 22 spell levels left.
You knew the following spells:

 Your Spells              Type           Power      Damage    Failure   Level
a - Shock                 Conj/Air       100%       1d9       1%          1
b - Static Discharge      Conj/Air       36%        N/A       1%          2
c - Airstrike             Air            22%        N/A       1%          4

Your spell library contained the following spells:

 Spells                   Type           Power      Damage    Failure   Level
 Freeze                   Ice            36%        1d6       7%          1
 Swiftness                Air            44%        N/A       1%          3
 Apportation              Tloc           18%        N/A       7%          1
 Animate Dead             Necr           26%        N/A       12%         4
 Call Canine Familiar     Summ           9%         N/A       22%         3
 Portal Projectile        Hex/Tloc       18%        N/A       22%         3
 Leda's Liquefaction      Hex/Erth       4%         N/A       56%         4
 Alistair's Intoxication  Tmut/Pois      6%         N/A       89%         5
 Lee's Rapid Deconstruct  Erth           4%         3d6*      89%         5
 Statue Form              Tmut/Erth      6%         N/A       100%        6
 Haunt                    Necr/Summ      8%         N/A       100%        7
 Borgnjor's Revivificati  Necr           13%        N/A       100%        8
 Infestation              Necr           13%        N/A       100%        8
 Necromutation            Tmut/Necr      8%         N/A       100%        8
 Death's Door             Necr           13%        N/A       100%        9


Dungeon Overview and Level Annotations

Branches:
Dungeon (9/15)             Temple (1/1) D:7
   Lair: D:8-11         Orc: D:9-12

Altars:
Ashenzari
Cheibriados
Elyvilon
Fedhas
Gozag
Hepliaklqana
Kikubaaqudgha
Makhleb
Nemelex Xobeh
Okawaru
Qazlal
Ru
Sif Muna
Trog
Uskayaw
Vehumet
Wu Jian
Yredelemnul
Zin
The Shining One

Shops:
D:4 *   D:5 =

Annotations:
D:2 1 runed translucent door, Crazy Yiuf
D:3 1 runed translucent door, Sat's ghost, weakling DsGl


Innate Abilities, Weirdness & Mutations

You have a beak for a mouth.
You have claws for feet.
Your magical nature lets you fly swiftly and evasively.
You have a pair of small horns on your head.
Your natural rate of healing is unusually fast.


Message History

The death yak is moderately wounded.
The zap hits the orc.
You kill the orc!
Vehumet accepts your kill.
The zap hits the death yak.
The death yak is lightly wounded.
Casting: Shock (safe; 1% risk of failure)
Confirm with . or Enter, or press ? or * to list all spells.
Aiming: Shock (safe; 1% risk of failure)
Press: ? - help, Shift-Dir - straight line, f/p - death yak
Aim: a death yak (moderately wounded, 91% to hit)
The zap hits the death yak but does no damage.
The death yak is moderately wounded.
The zap hits the death yak.
The death yak is lightly wounded.
A death yak comes into view.
Unknown command.
A wyvern comes into view.
The death yak snorts and paws the ground.
Things that are here:
2 poisoned darts; a +0 short sword The wyvern hisses angrily.
The wyvern bites you! The wyvern attacks as you move away!
The wyvern bites you! The wyvern misses you. x2
The wyvern closely misses you. The wyvern attacks as you move away!
The wyvern misses you. The wyvern attacks as you move away!
The wyvern bites you! The wyvern attacks as you move away!
The wyvern closely misses you. x2
The death yak bellows!
The wyvern attacks as you move away! The wyvern bites you!
* * * LOW HITPOINT WARNING * * *
The wyvern completely misses you. The wyvern attacks as you move away!
The wyvern bites you.
* * * LOW HITPOINT WARNING * * *
There is an escape hatch in the ceiling here.
Unknown command.
Okay, then.
It was a potion of curing.
You feel better. The wyvern bites you!
You die...

#.......# #.......# #####
#.......# #...# #.......# #...#
#.......##### #...# #.>.........#
###...# ###..Y........####
###.....# #................#
###...#...# #@Y............#..
....###...# ###l.............##.
##### ###(####....#######.....##.
### #...Y..#.#####.....#.###.
..#######..#####.......#.....###.
.....##..........................
.Y.(..Y........######............
.####.(..####..###.....>.........
.####.(............#............#


You could see 2 death yaks and a wyvern.

Vanquished Creatures
  Pikel (D:6)
  A wyvern (D:8)
  3 yaks (D:8)
  A steam dragon (D:8)
  Edmund (D:4)
  Menkaure (D:5)
  3 acid dragons
  3 ice beasts
  2 sky beasts
  An ogre (D:5)
  2 centaurs
  2 kobold brigands
  A bullfrog (D:6)
  A gnoll sergeant (D:7)
  4 scorpions
  4 wights (D:8)
  10 killer bees
  2 howler monkeys
  2 hounds (D:5)
  2 jellies (D:5)
  2 orc priests
  A gnoll shaman (D:7)
  Natasha (thrice) (D:4)
  6 orc wizards
  Robin (D:2)
  10 gnolls
  11 adders
  2 white imps
  4 ufetubi
  2 worms (D:4)
  5 dart slugs
  24 orcs
  4 bats
  10 endoplasms
  4 giant cockroaches
  12 goblins
  12 hobgoblins
  2 jackals (D:4)
  3 quokkas
  11 ball pythons
  3 frilled lizards
  9 kobolds
  6 rats
194 creatures vanquished.

Notes
Turn   | Place    | Note
-------+----------+-------------------------------------------
     0 | D:1      | Bruhh the Tengu Air Elementalist began the quest for the
                  | Orb.
     0 | D:1      | Reached XP level 1. HP: 10/10 MP: 4/4
    75 | D:1      | Found a faded altar of an unknown god.
    98 | D:1      | Reached XP level 2. HP: 11/15 MP: 0/6
   814 | D:1      | Reached XP level 3. HP: 19/19 MP: 3/7
  1244 | D:2      | Learned a level 2 spell: Static Discharge
  1326 | D:2      | Reached skill level 3 in Spellcasting
  1425 | D:2      | Reached XP level 4. HP: 20/24 MP: 5/9
  1612 | D:2      | Found a runed translucent door.
  1613 | D:2      | Noticed Crazy Yiuf
  1730 | D:2      | Noticed Robin
  1768 | D:2      | Gained mutation: You have a pair of small horns on your
                  | head. [potion of mutation]
  1768 | D:2      | Gained mutation: Your natural rate of healing is unusually
                  | fast. [potion of mutation]
  1770 | D:2      | Killed Robin
  2761 | D:3      | Gained mutation: Your magical nature lets you fly swiftly
                  | and evasively. [Tengu growth]
  2761 | D:3      | Reached XP level 5. HP: 28/28 MP: 8/11
  2832 | D:3      | Identified the +7 trident "Guamix" {drain, Dex+4}
  3059 | D:3      | Identified the ring of Tirexarr {rElec MP+9 Slay+3 SInv}
  3154 | D:3      | Found a runed translucent door.
  3155 | D:3      | Noticed Sat's ghost (weakling DsGl)
  3335 | D:3      | Found a sparkling altar of Nemelex Xobeh.
  3638 | D:3      | Reached skill level 5 in Conjurations
  3917 | D:4      | Reached skill level 4 in Spellcasting
  4036 | D:4      | Identified the +10 quarterstaff of Laceration {speed,
                  | rCorr}
  4075 | D:4      | Reached XP level 6. HP: 16/32 MP: 13/13
  4076 | D:4      | Noticed an ice beast
  4084 | D:4      | Killed an ice beast
  4085 | D:4      | Reached skill level 5 in Air Magic
  4452 | D:4      | Found Veluot's Fire Supplies.
  4457 | D:4      | Noticed Edmund
  4465 | D:4      | Killed Edmund
  4466 | D:4      | Reached skill level 5 in Spellcasting
  4466 | D:4      | Reached XP level 7. HP: 29/36 MP: 11/15
  4599 | D:4      | Noticed Natasha
  4607 | D:4      | Killed Natasha
  4733 | D:4      | Noticed Natasha
  4740 | D:4      | Killed Natasha
  5003 | D:4      | Noticed Natasha
  5012 | D:4      | Killed Natasha
  5058 | D:5      | Entered Level 5 of the Dungeon
  5058 | D:5      | Found Xyprohyo's Jewellery Shoppe.
  5481 | D:5      | Identified the +1 leather armour "Isunen" {rF+ SInv}
  5533 | D:5      | Reached skill level 6 in Spellcasting
  5533 | D:5      | Reached XP level 8. HP: 41/41 MP: 18/18
  5539 | D:5      | Learned a level 4 spell: Airstrike
  5616 | D:5      | Noticed Menkaure
  5619 | D:5      | Killed Menkaure
  6549 | D:6      | Reached skill level 7 in Spellcasting
  6903 | D:6      | Noticed Pikel
  6908 | D:6      | Killed Pikel
  6909 | D:6      | Reached skill level 8 in Spellcasting
  6909 | D:6      | Reached XP level 9. HP: 45/45 MP: 12/22
  7631 | D:6      | Reached skill level 9 in Spellcasting
  8105 | D:7      | Reached skill level 1 in Fighting
  8166 | D:7      | Found a staircase to the Ecumenical Temple.
  8185 | Temple   | Entered the Ecumenical Temple
  8542 | Temple   | Became a worshipper of Vehumet
  9789 | D:8      | Reached skill level 10 in Spellcasting
  9789 | D:8      | Reached XP level 10. HP: 22/58 MP: 14/25
 10022 | D:8      | Reached skill level 5 in Fighting
 10026 | D:8      | Reached * piety under Vehumet
 10026 | D:8      | Offered knowledge of Freeze by Vehumet.
 10447 | D:9      | Reached skill level 1 in Necromancy
 10500 | D:9      | Noticed a two-headed ogre
 11101 | D:9      | Noticed a death yak
 11102 | D:9      | Noticed a death yak
 11488 | D:9      | Noticed a death yak
 11488 | D:9      | Noticed a death yak
 11488 | D:9      | Noticed a death yak
 11637 | D:9      | Noticed a death yak
 11639 | D:9      | Noticed a death yak
 11669 | D:9      | Slain by a wyvern

Illustrated notes

Levels and vault maps discovered:
D:1:      lightli_arrival_maybe_door_vault, layout_loops_ring,
          chequers_ecumenical_altar_simple,
          nicolae_concentric_dashed_squares_mild
D:2:      layout_basic, minmay_misc_feat_tower, chequers_serial_rivers_marsh,
          nicolae_underground_beach, uniq_crazy_yiuf_cottage, uniq_robin
D:3:      layout_loops_ring, nemelex_dance_club_becter,
          ebering_ghost_inner_flame, grunt_ministairs_7, solitary_fountain
D:4:      layout_loops_ring, dreamdust_wishing_well, solitary_fountain,
          nicolae_shop_fire_sale [nicolae_sub_dead_trees], minmay_vboxes,
          uniq_natasha, uniq_edmund
D:5:      layout_cave_pods, serial_shops, shop, uniq_menkaure
D:6:      layout_layer_cave, uniq_pikel
D:7:      layout_loops_ring, minmay_temple_entry_statues_fountains
D:8:      layout_basic
D:9:      layout_rooms, dpeg_lair_monsters, due_unseen_surprise
Temple:   mainiacjoe_temple_trianglar_array

Skill      XL: |  1  2  3  4  5  6  7  8  9 10 |
---------------+-------------------------------+-----
Conjurations   | 2 3 4 5 |  5.0
Spellcasting   | 3 4 5 6 8 10 | 10.3
Air Magic      | 6 7 9 |  9.0
Fighting       | 4 5 |  5.4
Necromancy     | 4 |  4.2
Dodging        | |  2.1
Stealth        | |  2.0

Action                   |  1- 3 |  4- 6 |  7- 9 | 10-12 || total
-------------------------+-------+-------+-------+-------++-------
Melee: Unarmed           |     6 |     4 |       |       ||    10
       Peck              |     2 |     1 |     2 |       ||     5
       Kick              |     1 |     7 |     3 |       ||    11
       Trident           |       |    34 |    34 |     5 ||    73
       Headbutt          |       |     1 |     1 |       ||     2
 Cast: Shock             |    59 |   101 |    47 |     3 ||   210
       Static Discharge  |       |    11 |    17 |       ||    28
       Airstrike         |       |       |    63 |    49 ||   112
  Use: Potion            |       |     4 |     1 |     1 ||     6
       Scroll            |       |     1 |       |       ||     1
 Stab: Sleeping          |       |     7 |       |       ||     7
Armor: Robe              |     2 |     6 |    11 |       ||    19
       Skin              |       |     5 |     3 |     1 ||     9
       Steam dragon scal |       |       |       |     1 ||     1
Dodge: Dodged            |    15 |    23 |    34 |    17 ||    89

Table legend: (Time is in decaauts)
 A = Elapsed time spent in this place.
 B = Non-inter-level travel time spent in this place.
 C = Inter-level travel time spent in this place.
 D = Time resting spent in this place.
 E = Time spent auto-exploring this place.
 F = Levels seen in this place.
 G = Mean time per level.
                   A        B        C        D        E       F      G
               +--------+--------+--------+--------+--------+-----+--------+
         Total |  11145 |  10852 |    293 |    798 |   8865 |  10 | 1114.5 |
       Dungeon |  10792 |  10540 |    252 |    798 |   8557 |   9 | 1199.1 |
        Temple |    353 |    312 |     41 |      0 |    307 |   1 |  353.0 |
               +--------+--------+--------+--------+--------+-----+--------+

Top non-repeatable levels by time:
     D:8: 1661 daAuts
     D:2: 1553 daAuts
     D:6: 1531 daAuts
     D:4: 1376 daAuts
     D:1: 1205 daAuts
     D:3: 1049 daAuts
     D:5: 955 daAuts
     D:7: 806 daAuts
     D:9: 653 daAuts
  Temple: 353 daAuts
